 Dungeon Crawl Stone Soup version 0.25.1-2-g60ff931df9 (webtiles) character file.

Game seed: 1789086552237317908

16565 Gunterle the Transmogrifier (level 12, -3/77 HPs)
             Began as a Merfolk Transmuter on Oct 9, 2020.
             Was a Priest of Hepliaklqana.
             Slain by a harpy simulacrum (4 damage)
             ... in a Gauntlet.
             The game lasted 01:22:08 (19472 turns).

Gunterle the Transmogrifier (Merfolk Transmuter)   Turns: 19472, Time: 01:22:08

Health: -3/77      AC:  7    Str: 10    XL:     12   Next: 38%
Magic:  19/24      EV: 17    Int: 16    God:    Hepliaklqana [***...]
Gold:   228        SH:  0    Dex: 16    Spells: 4/28 levels left

rFire    + + .     SeeInvis .     - Unarmed
rCold    + . .     Gourm    .   (shield currently unavailable)
rNeg     . . .     Faith    .   A - +0 steam dragon scales
rPois    +         Spirit   .   (no helmet)
rElec    +         Reflect  .   N - +1 cloak
rCorr    +         Harm     .   (gloves currently unavailable)
MR       +....     NoTele   +   (no boots)
Stlth    +.........             (no amulet)
HPRegen  0.22/turn              r - ring of protection from fire
MPRegen  0.19/turn              w - ring of protection from magic

@: blade hands, resistant
A: change form in water, swift swim, stealthy swim, reduced essence
a: End Transformation, Recall Ancestor, Ancestor Identity, Transference,
Renounce Religion


You were in a Gauntlet.
You worshipped Hepliaklqana.
Hepliaklqana was most pleased with you.
You were very hungry.
You had blades for hands.
You visited 2 branches of the dungeon, and saw 13 of its levels.
You also visited: Sewer and Gauntlet.

You collected 562 gold pieces.
You spent 334 gold pieces at shops.

Inventory:

Hand Weapons
 x - a +6 club
Missiles
 i - 15 poisoned darts
 y - 4 curare-tipped darts (quivered)
 F - 5 boomerangs
 G - 219 arrows
 M - 2 throwing nets
Armour
 e - a +2 scale mail of poison resistance
 h - a +1 pair of gloves (melded)
 u - a +0 buckler
 A - +0 steam dragon scales (worn)
 I - a +1 robe of positive energy
 N - a +1 cloak (worn)
Magical Staves
 b - a cursed staff of air
 P - an uncursed staff of energy (melded)
Jewellery
 o - an uncursed ring of protection from cold
 r - a ring of protection from fire (left scythe-like blade)
 w - a ring of protection from magic (right scythe-like blade)
 L - an uncursed ring of protection from magic
Wands
 f - a wand of paralysis (4)
 g - a wand of acid (6)
 t - a wand of flame (15)
 K - a wand of polymorph (14)
Scrolls
 j - 3 scrolls of immolation
 l - 12 scrolls of remove curse
 s - 2 scrolls of blinking
 B - a scroll of fear {unknown}
 E - 2 scrolls of fog
 J - 4 scrolls of teleportation
 S - 4 scrolls of identify
Potions
 k - 6 potions of curing
 m - a potion of ambrosia
 n - a potion of magic
 p - 4 potions of flight
 q - a potion of resistance
 v - 2 potions of lignification
 z - a potion of heal wounds
 O - a potion of haste
 R - 2 potions of might
Miscellaneous
 a - a phantom mirror
Comestibles
 d - 15 rations


   Skills:
 + Level 5.4 Fighting
 + Level 7.1 Dodging
 + Level 6.5 Unarmed Combat
 - Level 8.7 Spellcasting
 * Level 13.3 Transmutations
 + Level 1.9 Fire Magic
 - Level 6.1 Ice Magic
 * Level 7.6 Poison Magic
 - Level 4.6 Invocations
 - Level 4.3 Evocations


You had 4 spell levels left.
You knew the following spells:

 Your Spells              Type           Power        Failure   Level  Hunger
a - Beastly Appendage     Tmut           #####.       5%          1    None
b - Sticks to Snakes      Tmut           #####...     6%          2    None
c - Spider Form           Tmut/Pois      #####.....   11%         3    #......
d - Blade Hands           Tmut           #####.....   17%         5    #####..
e - Ice Form              Ice/Tmut       #####...     21%         4    ###....
f - Ignite Poison         Fire/Tmut/Pois ####....     17%         3    #......
g - Eringya's Noxious Bo  Tmut/Pois      #####.....   65%         6    ######.

Your spell library contained the following spells:

 Spells                   Type           Power        Failure   Level  Hunger
 Petrify                  Tmut/Erth      ####....     38%         4    ###....
 Magic Dart               Conj           #...         47%         1    None
 Shock                    Conj/Air       #...         47%         1    None
 Mephitic Cloud           Conj/Pois/Air  ###.....     47%         3    #......
 Blink                    Tloc           N/A          56%         2    None
 Call Imp                 Summ           #.......     56%         2    None
 Searing Ray              Conj           #.....       56%         2    None
 Slow                     Hex            #.......     56%         2    None
 Sublimation of Blood     Necr           #.........   56%         2    None
 Swiftness                Chrm/Air       #.......     56%         2    None
 Conjure Flame            Conj/Fire      ##......     63%         3    #......
 Dazzling Flash           Conj/Hex       #.....       73%         3    #......
 Static Discharge         Conj/Air       #.......     73%         3    #......
 Airstrike                Air            #.........   96%         4    ###....
 Fulminant Prism          Conj/Hex       #.........   96%         4    ###....
 Iskenderun's Mystic Bla  Conj/Tloc      #.......     96%         4    ###....
 Alistair's Intoxication  Tmut/Pois      #####...     28%         5    #####..
 Irradiate                Conj/Tmut      ####......   61%         5    #####..
 Lightning Bolt           Conj/Air       #.........   100%        5    #####..


Dungeon Overview and Level Annotations

Branches:
Dungeon (12/15)            Temple (1/1) D:5            Lair (0/6) D:10
    Orc (0/2) D:11          Sewer (visited)         Gauntlet (1/1)

Altars:
Ashenzari
Cheibriados
Dithmenos
Elyvilon
Fedhas
Gozag
Hepliaklqana
Kikubaaqudgha
Makhleb
Nemelex Xobeh
Okawaru
Qazlal
Ru
Sif Muna
Trog
Uskayaw
Vehumet
Wu Jian
Xom
Yredelemnul
Zin
The Shining One

Shops:
D:7 ?   D:9 ?   D:10 ?(

Annotations:
D:3 exclusion: two-headed ogre Gauntlet 11 transporters, exclusion: lightning spire


Message History

The harpy simulacrum completely misses you.
The wolf spider simulacrum barely misses you. x2
The harpy simulacrum misses you. The harpy simulacrum barely misses you.
You slash the wolf spider simulacrum!
The wolf spider simulacrum is almost destroyed.
The harpy simulacrum barely misses you. The harpy simulacrum claws you!
The harpy simulacrum freezes you! You resist.
The centaur warrior simulacrum hits you.
The centaur warrior simulacrum freezes you!
You resist. The wolf spider simulacrum hits you!
The wolf spider simulacrum freezes you. You resist.
* * * LOW HITPOINT WARNING * * *
The wolf spider simulacrum bites you.
* * * LOW HITPOINT WARNING * * *
The wolf spider simulacrum freezes you! You resist.
* * * LOW HITPOINT WARNING * * *
The harpy simulacrum claws you!
* * * LOW HITPOINT WARNING * * *
The harpy simulacrum freezes you. You resist.
You die...

#≈§§.............########
##.8.....8.....8.........
##.....................8..
#≈...###########..........
##...##......^##...#######
#≈.∩.#.#.....#.#...#.##..#
##...#..#...#.)######..##.
#≈...#..Z#^#..?#...#.##.#.
##.8§#.ZZ@#...©#©.©##.#©.#
#≈...#.ZZ#^#..=#...#.#.#.#
##...#..#...#ZZ#####.#.k##
#≈.∩.#.#^....#Z#...##.##ZZ
##...##.......##...#######
#≈...###########..........
##.....................8..
##§8.....8.....8.........
#≈...............########


You could see a harpy simulacrum, 2 wolf spider simulacra, a centaur warrior
simulacrum and a meliai simulacrum.

Vanquished Creatures
  Harold (D:8)
  Erica (D:8)
  3 two-headed ogres
  Pikel (D:4)
  2 ugly things (D:11)
  Maurice (D:8)
  A centaur zombie (D:11)
  A centaur skeleton (D:10)
  Maggie (D:6)
  A troll (D:10)
  A hippogriff (D:8)
  8 yaks
  4 hungry ghosts
  3 wargs (D:10)
  Duvessa (D:5)
  A porcupine (D:10)
  2 ice beasts
  2 orc warriors
  A phantom (D:4)
  2 sky beasts
  2 wolves (D:11)
  7 centaurs
  5 necrophages
  An eye of draining (D:10)
  An ogre (D:4)
  A big kobold (Sewer)
  Blork the orc (D:5)
  7 bullfrogs
  Dowan (D:5)
  3 scorpions
  6 killer bees (D:8)
  5 howler monkeys
  4 wights
  5 crimson imps
  A quasit (D:8)
  2 bullfrog zombies
  6 hounds
  A jelly (D:11)
  4 orc wizards
  4 orc priests
  A gnoll shaman (D:7)
  A bullfrog skeleton (D:11)
  An iguana (D:8)
  8 worker ants
  A mummy (D:8)
  3 worker ant zombies
  Robin (D:3)
  9 gnolls
  8 adders
  8 river rats
  A shadow imp (D:6)
  An ooze (D:5)
  An adder zombie (D:5)
  An adder skeleton (D:6)
  2 worms (D:2)
  5 leopard geckos
  26 orcs
  6 ball pythons
  3 giant cockroaches
  15 goblins
  9 hobgoblins
  5 jackals
  26 kobolds
  5 quokkas
  12 bats
  4 frilled lizards
  A jackal skeleton (D:5)
  A leopard gecko skeleton (D:5)
  A quokka skeleton (D:7)
  26 rats
297 creatures vanquished.

Vanquished Creatures (collateral kills)
  A two-headed ogre (D:7)
  An unseen horror (D:10)
  A troll (D:10)
  A hippogriff (D:10)
  A yak (D:11)
  A hungry ghost (D:9)
  Grum (D:11)
  An orc warrior (D:6)
  A phantom (D:9)
  A sky beast (D:10)
  A necrophage (D:8)
  2 centaurs
  3 big kobolds
  3 scorpions
  A wyvern skeleton (D:11)
  2 wights
  3 killer bees (D:8)
  2 howler monkeys
  2 crimson imps
  3 hounds
  3 jellies
  An orc priest (D:5)
  An iguana (D:10)
  Ijyb (D:5)
  An orc wizard (D:7)
  A hound zombie (D:8)
  4 gnolls
  5 adders
  An adder skeleton (D:7)
  3 worms
  A dart slug (D:3)
  A leopard gecko (D:2)
  6 orcs
  A hobgoblin (D:1)
  3 jackals
  2 frilled lizards
  3 kobolds
  2 rats
72 creatures vanquished.

Vanquished Creatures (others)
  A hexer (Gauntlet)
  5 ancestors
  A quokka (D:4)
  A frilled lizard (D:4)
  2 fungi (Gauntlet)
  2 withered plants (D:8)
12 creatures vanquished.

Grand Total: 381 creatures vanquished

Notes
Turn   | Place    | Note
-------+----------+-------------------------------------------
     0 | D:1      | Gunterle the Merfolk Transmuter began the quest for the
                  | Orb.
     0 | D:1      | Reached XP level 1. HP: 15/15 MP: 3/3
   249 | D:1      | Reached skill level 3 in Transmutations
   458 | D:1      | Reached XP level 2. HP: 21/21 MP: 3/5
   462 | D:1      | Learned a level 2 spell: Sticks to Snakes
  1137 | D:1      | Reached XP level 3. HP: 26/26 MP: 4/6
  1142 | D:1      | Learned a level 3 spell: Spider Form
  1428 | D:2      | Reached skill level 4 in Transmutations
  1694 | D:2      | Reached skill level 1 in Poison Magic
  2301 | D:3      | Reached XP level 4. HP: 25/32 MP: 7/7
  2462 | D:3      | Noticed Robin
  3404 | D:3      | Killed Robin
  3518 | D:3      | Noticed a two-headed ogre
  4043 | D:3      | Found a faded altar of an unknown god.
  4069 | D:3      | Reached skill level 5 in Transmutations
  4288 | D:4      | Reached XP level 5. HP: 36/37 MP: 4/8
  4386 | D:4      | Found an opulent altar of Gozag.
  4431 | D:4      | Noticed a phantom
  4440 | D:4      | HP: 1/37 [hound (3)]
  4442 | D:4      | Found a white marble altar of Elyvilon.
  4500 | D:4      | Found a glowing drain.
  4505 | Sewer    | Entered a sewer
  5210 | Sewer    | Reached XP level 6. HP: 43/43 MP: 7/9
  5226 | Sewer    | Reached skill level 6 in Transmutations
  6543 | D:4      | HP: 2/43 [ogre/+0 giant club (26)]
  6549 | D:4      | Reached skill level 7 in Transmutations
  6549 | D:4      | Reached XP level 7. HP: 3/48 MP: 7/11
  7759 | D:5      | Entered Level 5 of the Dungeon
  7784 | D:5      | Noticed Pikel
  7801 | D:4      | Killed Pikel
  7801 | D:4      | Reached skill level 5 in Spellcasting
  7801 | D:4      | Reached skill level 9 in Transmutations
  7801 | D:4      | Reached XP level 8. HP: 23/54 MP: 10/15
  8099 | D:5      | Found a staircase to the Ecumenical Temple.
  8121 | Temple   | Entered the Ecumenical Temple
  8305 | Temple   | Became a worshipper of Hepliaklqana the Forgotten
  8377 | D:5      | Noticed Ijyb
  8395 | D:5      | Killed Ijyb
  8624 | D:5      | Noticed Blork the orc
  8631 | D:5      | Killed Blork the orc
  8730 | D:5      | Noticed Duvessa
  8730 | D:5      | Noticed Dowan
  8761 | D:5      | Killed Duvessa
  8786 | D:5      | Killed Dowan
  9052 | D:5      | Reached skill level 10 in Transmutations
  9195 | D:5      | Found a hide-covered altar of Uskayaw.
  9196 | D:5      | Got a smoking quarterstaff
  9201 | D:5      | Found an ancient bone altar of Kikubaaqudgha.
  9302 | D:5      | Learned a level 5 spell: Blade Hands
  9307 | D:5      | Learned a level 4 spell: Ice Form
  9545 | D:6      | Reached * piety under Hepliaklqana
  9556 | D:6      | Found a shimmering altar of Xom.
  9556 | D:6      | Found an iron altar of Okawaru.
  9557 | D:6      | Found a blossoming altar of Fedhas.
  9581 | D:6      | Noticed Maggie
  9618 | D:5      | Reached XP level 9. HP: 38/53 MP: 14/18
  9841 | D:6      | Killed Maggie
  9841 | D:6      | Reached skill level 11 in Transmutations
 10130 | D:6      | Reached skill level 1 in Ice Magic
 11679 | D:7      | Reached skill level 1 in Invocations
 11793 | D:7      | Reached skill level 1 in Evocations
 12130 | D:7      | Reached XP level 10. HP: 48/60 MP: 17/20
 12392 | D:7      | Noticed a two-headed ogre
 12402 | D:7      | Killed a two-headed ogre
 12420 | D:7      | Found Vybuisku's Magic Scroll Shoppe.
 12423 | D:7      | Bought a scroll of blinking for 112 gold pieces
 12423 | D:7      | Bought a scroll of identify for 30 gold pieces
 12423 | D:7      | Bought a scroll of identify for 30 gold pieces
 12484 | D:7      | Found a burning altar of Makhleb.
 12690 | D:8      | Reached skill level 12 in Transmutations
 12690 | D:8      | Reached skill level 5 in Ice Magic
 12986 | D:8      | Noticed Maurice
 13019 | D:8      | Killed Maurice
 13019 | D:8      | Reached skill level 5 in Poison Magic
 13332 | D:8      | Noticed Harold
 13334 | D:8      | Noticed a two-headed ogre
 13722 | D:8      | Reached ** piety under Hepliaklqana
 13723 | D:8      | Remembered your ancestor Mira as a hexer
 13777 | D:8      | Noticed a two-headed ogre
 13789 | D:8      | Killed a two-headed ogre
 13789 | D:8      | Reached skill level 5 in Unarmed Combat
 13845 | D:8      | Noticed Erica
 13855 | D:8      | Killed Erica
 13855 | D:8      | Reached skill level 5 in Dodging
 13855 | D:8      | Reached XP level 11. HP: 65/65 MP: 16/23
 14159 | D:8      | Noticed a two-headed ogre
 14165 | D:8      | Killed a two-headed ogre
 14248 | D:8      | Killed Harold
 15093 | D:9      | Noticed a two-headed ogre
 15101 | D:9      | Killed a two-headed ogre
 15599 | D:9      | Identified 2 scrolls of acquirement
 15847 | D:9      | Acquired a book of Alchemy
 15853 | D:9      | Learned a level 3 spell: Ignite Poison
 15860 | D:9      | Learned a level 6 spell: Eringya's Noxious Bog
 15860 | D:9      | Acquired an uncursed staff of energy
 15902 | D:10     | Entered Level 10 of the Dungeon
 16007 | D:10     | Killed an unseen horror
 16692 | D:10     | Found Yhae's Weapon Emporium.
 16767 | D:10     | Found a staircase to the Lair.
 17009 | D:10     | Found Omarch's Magic Scroll Shoppe.
 17017 | D:10     | Bought a scroll of enchant weapon for 90 gold pieces
 17017 | D:10     | Bought a scroll of identify for 24 gold pieces
 17017 | D:10     | Bought a scroll of identify for 24 gold pieces
 17017 | D:10     | Bought a scroll of identify for 24 gold pieces
 17107 | D:10     | Reached *** piety under Hepliaklqana
 17328 | D:11     | Found a staircase to the Orcish Mines.
 17398 | D:11     | Noticed a green ugly thing
 17403 | D:11     | Killed a green ugly thing
 17403 | D:11     | Reached skill level 1 in Fire Magic
 17415 | D:11     | Noticed a deep elf mage
 17421 | D:11     | Noticed a green ugly thing
 17589 | D:10     | Reached XP level 12. HP: 52/73 MP: 22/24
 17999 | D:11     | Reached skill level 5 in Fighting
 18014 | D:11     | Reached skill level 13 in Transmutations
 18689 | D:11     | Noticed Grum
 18715 | D:11     | Killed Grum
 19173 | D:12     | Found a gate leading to a gauntlet.
 19274 | Gauntlet | Entered a Gauntlet
 19274 | Gauntlet | Found a transporter.
 19278 | Gauntlet | Found a transporter.
 19280 | Gauntlet | Found a transporter.
 19283 | Gauntlet | Found a transporter.
 19283 | Gauntlet | Found a transporter.
 19284 | Gauntlet | Found a transporter.
 19297 | Gauntlet | Found a transporter.
 19299 | Gauntlet | Found the macabre finger necklace {rN+}
 19316 | Gauntlet | Found a transporter.
 19316 | Gauntlet | Noticed a ghost crab
 19326 | Gauntlet | Found a transporter.
 19328 | Gauntlet | Found a transporter.
 19337 | Gauntlet | Found a transporter.
 19401 | Gauntlet | Found a transporter.
 19472 | Gauntlet | HP: 1/77 [harpy simulacrum (9)]
 19472 | Gauntlet | Slain by a harpy simulacrum

Illustrated notes

Levels and vault maps discovered:
D:1:      wander_arrival_estate, layout_loops_corners, minivault_19,
          grunt_decor_resistance
D:2:      layout_basic
D:3:      layout_loops_ring, chequers_ecumenical_altar_island, first_ration,
          minivault_19, minmay_close_crescents, uniq_crazy_yiuf_cottage,
          uniq_robin
D:4:      layout_loops_ring, lemuel_doored_altar, lightli_sewer_entry_pipes,
          elyvilon_altar_4
D:5:      layout_cave_pools, minitemple, minmay_temple_entry_nine_rooms,
          uniq_blork_the_orc, uniq_pikel, uniq_ijyb, uniq_duvessa
D:6:      layout_gridville, chequers_temple_overflow_statue_of_worship,
          uniq_maggie
D:7:      layout_rooms, lemuel_round_altar, serial_shops, kennysheep_mini
D:8:      layout_loops_corners, serial_undead, serial_undead_b, serial_undead_d,
          serial_undead_d, serial_undead_e, serial_undead_f, serial_undead_b,
          serial_undead_e, uniq_erica, uniq_maurice, uniq_harold
D:9:      layout_roguey
D:10:     layout_basic, lair_entry_dummy, serial_shops,
          nicolae_shop_statue_plus, shop
D:11:     layout_cave_pools, minmay_orc_entry_guard_dogs, uniq_grum
D:12:     layout_rooms, gauntlet_entry_generic, grunt_livestock
Temple:   regret_index_temple_generic_petals
Gauntlet: minmay_gauntlet_mixed_oops_all_seconds
          [minmay_gauntlet_arena_77_hold_the_fort, nicolae_gauntlet_arena_x,
          minmay_gauntlet_arena_77_museum, nicolae_gauntlet_arena_t_cross,
          minmay_gauntlet_arena_77_mess, gammafunk_gauntlet_arena_split_x,
          gauntlet_exit_watery]

Skill      XL: |  1  2  3  4  5  6  7  8  9 10 11 12 |
---------------+-------------------------------------+-----
Transmutations | 3 4 5 7 9 10 11 12 13 | 13.3
Poison Magic   | 1 2 3 4 5 6 7 |  7.6
Spellcasting   | 3 5 6 7 8 |  8.7
Ice Magic      | 4 5 6 |  6.1
Dodging        | 3 5 6 7 |  7.1
Invocations    | 1 3 4 |  4.6
Evocations     | 1 3 4 |  4.3
Unarmed Combat | 4 5 6 |  6.5
Fighting       | 3 4 5 |  5.4
Fire Magic     | 1 |  1.9

Action                   |  1- 3 |  4- 6 |  7- 9 | 10-12 || total
-------------------------+-------+-------+-------+-------++-------
Melee: Unarmed           |   126 |   304 |   240 |   420 ||  1090
       Headbutt          |     9 |    29 |    12 |    10 ||    60
       Punch             |       |     5 |     2 |     3 ||    10
       Tailslap          |       |    11 |       |       ||    11
       Staff             |       |       |       |     6 ||     6
Throw: Stone             |     7 |    48 |       |       ||    55
       Dart              |       |     8 |    18 |    19 ||    45
 Cast: Beastly Appendage |    31 |    42 |    14 |    10 ||    97
       Sticks to Snakes  |     9 |    18 |     2 |       ||    29
       Spider Form       |       |     6 |    26 |    33 ||    65
       Blade Hands       |       |       |     4 |    20 ||    24
       Ignite Poison     |       |       |       |     8 ||     8
Invok: Recall Ancestor   |       |       |     3 |     3 ||     6
       Ancestor Identity |       |       |     1 |       ||     1
       Ancestor Life: He |       |       |       |     1 ||     1
Evoke: Wand              |       |       |     1 |    35 ||    36
  Use: Scroll            |     3 |     9 |     2 |     8 ||    22
       Potion            |       |     2 |     4 |     2 ||     8
 Stab: Sleeping          |     2 |     3 |     2 |       ||     7
       Distracted        |     1 |       |       |     8 ||     9
       Paralysed         |       |       |       |     8 ||     8
       Confused          |       |       |       |    13 ||    13
  Eat: Chunk             |     6 |    12 |    17 |    25 ||    60
       Ration            |       |     1 |     2 |     1 ||     4
Armor: Robe              |    42 |    28 |       |       ||    70
       Animal skin       |       |    17 |     4 |       ||    21
       Skin              |       |       |     3 |    13 ||    16
       Steam dragon scal |       |       |    15 |    44 ||    59
Dodge: Dodged            |    90 |   200 |   184 |   502 ||   976
